 Dungeon Crawl Stone Soup version 0.28-a0-1199-gef9e1dbd39 (webtiles) character file.

Game seed: 13869555561504366407

35 Fortus the Chucker (level 3, -2/37 HPs)
             Began as an Ogre Hunter on Dec 19, 2021.
             Slain by a worm (10 damage)
             ... on level 2 of the Dungeon.
             The game lasted 00:03:20 (1582 turns).

Fortus the Chucker (Ogre Hunter)                    Turns: 1582, Time: 00:03:21

Health: -2/37      AC:  3    Str: 18    XL:     3   Next: 33%
Magic:  3/3        EV:  9    Int: 12    God:
Gold:   101        SH:  0    Dex:  9    Spells: 2/2 levels left

rFire   . . .      SeeInvis .   h - +0 mace
rCold   . . .      Faith    .   (no shield)
rNeg    . . .      Spirit   .   b - +0 robe
rPois   .          Reflect  .   (helmet restricted)
rElec   .          Harm     .   (no cloak)
rCorr   .          Rampage  .   (gloves unavailable)
Will    .....                   (boots unavailable)
Stlth   +.........              (no amulet)
HPRegen 0.12/turn               (no ring)
MPRegen 0.08/turn               (no ring)

@: no status effects
A: large, unfitting armour, tough skin 1
a: no special abilities


You were on level 2 of the Dungeon.
You visited 1 branch of the dungeon, and saw 2 of its levels.

You collected 101 gold pieces.

Inventory:

Hand Weapons
 a - a +0 short sword
 e - a +0 whip
 h - a +0 mace (weapon)
Missiles
 d - 2 throwing nets
 g - 2 large rocks (quivered)
 j - 5 boomerangs
Armour
 b - a +0 robe (worn)
Scrolls
 c - a scroll of teleportation {unknown}
 f - a scroll of acquirement {unknown}
 i - 2 scrolls of identify {unknown}
 k - 2 scrolls of vulnerability {unknown}
Potions
 l - a potion of lignification {unknown}


   Skills:
 - Level 3.1 Fighting
 + Level 0.9 Maces & Flails
 * Level 4.7 Throwing
 - Level 1.7 Dodging
 - Level 0.6 Stealth


You had 2 spell levels left.
You didn't know any spells.
Your spell library contained the following spells:

 Spells                   Type           Power      Damage    Failure   Level
 Ensorcelled Hibernation  Hex/Ice        0%         N/A       45%         2
 Tukima's Dance           Hex            0%         N/A       69%         3
 Summon Ice Beast         Ice/Summ       0%         N/A       97%         4
 Summon Mana Viper        Hex/Summ       0%         N/A       100%        5
 Monstrous Menagerie      Summ           0%         N/A       100%        7


Dungeon Overview and Level Annotations

Branches:
Dungeon (2/15)

Altars:


Innate Abilities, Weirdness & Mutations

You are too large for most types of armour.
You have tough skin. (AC +1)


Message History

You kill the bat!
You pick up a book of Maledictions and begin reading...
You add the spells Ensorcelled Hibernation and Tukima's Dance to your library.
You now have 84 gold pieces (gained 18).
You open the door.
There is an open door here.
Found a stone staircase leading down.
As you open the door, it creaks loudly!
You hear a shout!
A dart slug comes into view.
Found a spear.
A dart slug is nearby!
You throw a large rock. The large rock hits the dart slug!!
You kill the dart slug!
There is an open door here.
You now have 90 gold pieces (gained 6).
You now have 96 gold pieces (gained 6).
You now have 101 gold pieces (gained 5).
A worm comes into view.
You throw a large rock.
The large rock hits the worm but does no damage.
A worm is nearby!
You throw a large rock. The large rock hits the worm!
The worm is severely wounded.
You barely miss the worm.
The worm is severely wounded.
The worm bites you!
You barely miss the worm.
The worm is severely wounded.
The worm bites you!
You hit the worm.
The worm is severely wounded.
You barely miss the worm.
The worm is severely wounded.
The worm bites you!
* * * LOW HITPOINT WARNING * * *
You are too injured to fight recklessly!
You barely miss the worm.
The worm is severely wounded.
The worm bites you!
You die...

##..........#
.#.†........# .# #
.#..........######.#.#
.........##......#.#.
.........##.........
#........##........#
#........++........#
#.###....##..((w...#
........########@..#..
...................#.#
#..#.##.####.#.#.....#
#..#.# .# #.#..........
#..#.##.####.##.....####
......................
#..#.##.####.....###.##
#..#.# ###...# #.# #..#
# #...# #.#


You could see a worm.

Vanquished Creatures
  A dart slug (D:2)
  2 ball pythons (D:1)
  6 bats
  4 endoplasms
  A giant cockroach (D:1)
  2 goblins
  4 hobgoblins
  3 kobolds
  3 frilled lizards
  5 rats
31 creatures vanquished.

Notes
Turn   | Place    | Note
-------+----------+-------------------------------------------
     0 | D:1      | Fortus the Ogre Hunter began the quest for the Orb.
     0 | D:1      | Reached XP level 1. HP: 22/22 MP: 1/1
   328 | D:1      | Reached XP level 2. HP: 24/31 MP: 2/2
  1271 | D:2      | Found a faded altar of an unknown god.
  1334 | D:2      | Reached XP level 3. HP: 35/37 MP: 3/3
  1582 | D:2      | Slain by a worm

Illustrated notes

Levels and vault maps discovered:
D:1:      onia_arrival_mini_maze_b, layout_loops_ring, grunt_decor_arrowhead,
          kennysheep_crisscross
D:2:      layout_basic, hellmonk_ecumenical_altar_slurped_away,
          minmay_heptomino_d4

Skill      XL: |  1 |
---------------+----+-----
Fighting       | 3 |  3.1
Maces & Flails | |  0.9
Throwing       | |  4.7
Dodging        | |  1.7
Stealth        | |  0.6

Action                   || total
-------------------------++-------
Melee: Whip              ||    25
       Short sword       ||     2
       Mace              ||    35
Throw: Large rock        ||    22
Armor: Robe              ||    29
Dodge: Dodged            ||    22

Table legend: (Time is in decaauts)
 A = Elapsed time spent in this place.
 B = Non-inter-level travel time spent in this place.
 C = Inter-level travel time spent in this place.
 D = Time resting spent in this place.
 E = Time spent auto-exploring this place.
 F = Levels seen in this place.
 G = Mean time per level.
                   A        B        C        D        E       F      G
               +--------+--------+--------+--------+--------+-----+--------+
         Total |   1613 |   1552 |     61 |      0 |   1255 |   2 |  806.5 |
       Dungeon |   1613 |   1552 |     61 |      0 |   1255 |   2 |  806.5 |
               +--------+--------+--------+--------+--------+-----+--------+

Top non-repeatable levels by time:
     D:1: 1268 daAuts
     D:2: 345 daAuts
